 Dungeon Crawl Stone Soup version 0.15.2 (webtiles) character file.

502 Heini the Covered (level 6, -1/57 HPs)
             Began as a Minotaur Fighter on Feb 5, 2015.
             Was an Initiate of Okawaru.
             Slain by an ogre
             ... wielding a +0 giant club
              (13 damage)
             ... on Level 5 of the Dungeon.
             The game lasted 00:06:41 (3148 turns).

Heini the Covered (Minotaur Fighter)                Turns: 3148, Time: 00:06:41

HP  -1/57        AC 10     Str 23      XL: 6   Next: 95%
MP   3/3         EV  7     Int  7      God: Okawaru [......]
Gold 153         SH  9     Dex  9      Spells:  0 memorised,  5 levels left

rFire  . . .     SeeInvis .     a - +0 flail (curse)
rCold  . . .     Clarity  .     b - +0 scale mail
rNeg   . . .     rCorr    .     c - +0 shield
rPois  .         rRot     .     (helmet restricted)
rElec  .         Spirit   .     k - -1 cloak
SustAb .         Warding  .     q - +0 pair of gloves
rMut   .         Stasis   .     f - +0 pair of boots
Gourm  .                        x - cursed amulet of inaccuracy
MR     .....                    (no ring)
                                j - +2 ring of intelligence

@: not resistant to hostile enchantments, extremely unstealthy
A: retaliatory headbutt, horns 2
a: Renounce Religion


You were on level 5 of the Dungeon.
You worshipped Okawaru.
Okawaru was noncommittal.
You were not hungry.

You visited 2 branches of the dungeon, and saw 6 of its levels.

You collected 153 gold pieces.

Inventory:

Hand weapons
 a - a cursed +0 flail (weapon)
Armour
 b - a +0 scale mail (worn)
 c - a +0 shield (worn)
 f - a +0 pair of boots (worn)
 k - a -1 cloak (worn)
 q - a +0 pair of gloves (worn)
Comestibles
 d - 2 bread rations
 l - 3 meat rations
 r - 5 fruits
 s - a slice of pizza
Jewellery
 j - a +2 ring of intelligence (left hand)
 x - a cursed amulet of inaccuracy (around neck)
Potions
 e - 3 potions of might
 g - 3 potions of curing
 h - a potion of lignification
 i - 2 potions of agility
 m - a potion of confusion {unknown}
 n - a potion of magic {unknown}
 o - a potion of poison {unknown}
 t - a potion of restore abilities
Books
 v - a Young Poisoner's Handbook

   Spells                             Type                      Level
   Sting                              Conjuration/Poison           1
   Cure Poison                        Poison                       2
   Mephitic Cloud                     Conjuration/Poison/Air       3
   Olgreb's Toxic Radiance            Poison                       4
   Venom Bolt                         Conjuration/Poison           5


   Skills:
 * Level 6.0 Fighting
 * Level 5.2 Maces & Flails
 * Level 6.7 Armour
 - Level 3.6 Shields


You had 5 spell levels left.
You didn't know any spells.

Dungeon Overview and Level Annotations

Branches:
Dungeon (5/15)             Temple (1/1) D:4

Altars:
Ashenzari
Cheibriados
Dithmenos
Elyvilon
Nemelex Xobeh
Okawaru
Sif Muna
Trog
Vehumet
Zin


Innate Abilities, Weirdness & Mutations

You reflexively headbutt those who attack you in melee.
You have a pair of horns on your head.


Message History

You kill the giant newt!
Okawaru accepts your kill.
No target in view!
No target in view!
Found a chain mail.
You now have 153 gold pieces (gained 6).
You open the door.
There is an open door here.
Found a stone staircase leading up.
An ogre comes into view. It is wielding a giant club.
The ogre shouts!
Found a stone staircase leading down.
Your shield and scale mail prevent you from hitting the ogre.
The ogre hits you with a giant club!!
You barely miss the ogre. The ogre hits you with a giant club!
* * * LOW HITPOINT WARNING * * *
You thump the ogre!
The ogre is moderately wounded.
The ogre hits you with a giant club!
You die...

.....#####..#.......#.#.###.#.###
.........#..........#.#.....#....
...#####.# #.........###....####
.....# #. #.......... +........
...#.# #.##.........###....####
####.# #.#...........##....#
####.###.#...........>.#######
......##...<...........#
......######....@O..#
......'.......#.###.....#
......#########.# ... ........#
#.# . .[......# ... ........# ...
........# ..... ........# .....
........# ...


You could see an ogre.

Vanquished Creatures
  Menkaure (D:4)
  An ogre (D:4)
  A phantom (D:4)
  The ghost of ghwc the Twirler, a weakling MiGl (D:3)
  An iguana (D:3)
  A hound (D:4)
  Ijyb (D:4)
  3 adders
  A giant mite (D:3)
  2 giant geckos
  A bat (D:3)
  4 giant cockroaches
  3 hobgoblins
  9 jackals
  3 giant newts
  11 goblins
  A hobgoblin skeleton (D:4)
  13 kobolds
  4 quokkas
  5 rats
  A rat skeleton (D:4)
68 creatures vanquished.

Notes
Turn   | Place    | Note
--------------------------------------------------------------
     0 | D:1      | Heini, the Minotaur Fighter, began the quest for the Orb.
     0 | D:1      | Reached XP level 1. HP: 19/19 MP: 1/1
    68 | D:1      | Reached skill level 4 in Armour
   184 | D:1      | Reached XP level 2. HP: 12/27 MP: 1/1
   818 | D:2      | Reached XP level 3. HP: 33/33 MP: 2/2
  1221 | D:3      | Noticed ghwc's ghost (weakling MiGl)
  1222 | D:3      | Found a radiant altar of Vehumet.
  1229 | D:3      | Killed ghwc's ghost
  1229 | D:3      | Reached XP level 4. HP: 31/41 MP: 2/2
  1280 | D:3      | Reached skill level 5 in Armour
  1684 | D:3      | Found a shadowy altar of Dithmenos.
  1703 | D:3      | Reached XP level 5. HP: 37/47 MP: 2/2
  1901 | D:3      | Reached skill level 5 in Fighting
  2204 | D:4      | Noticed Ijyb
  2220 | D:4      | Killed Ijyb
  2256 | D:4      | Noticed Menkaure
  2261 | D:4      | Killed Menkaure
  2261 | D:4      | Reached XP level 6. HP: 49/56 MP: 3/3
  2339 | D:4      | Found a sparkling altar of Nemelex Xobeh.
  2458 | D:4      | Reached skill level 6 in Armour
  2481 | D:4      | Noticed a phantom
  2525 | D:4      | Killed a phantom
  2620 | D:4      | Found a staircase to the Ecumenical Temple.
  2626 | Temple   | Entered the Ecumenical Temple
  2661 | Temple   | Became a worshipper of Warmaster Okawaru
  3014 | D:4      | Reached skill level 5 in Maces & Flails
  3035 | D:5      | Entered Level 5 of the Dungeon
  3148 | D:5      | Slain by an ogre

Action                   |  1- 3 |  4- 6 || total
-------------------------+-------+-------++-------
Melee: Flail             |    86 |   151 ||   237
  Use: Scroll            |     2 |     7 ||     9
  Eat: Chunk             |     1 |     6 ||     7
